 Dungeon Crawl Stone Soup version 0.32-a0-39-g5c88369fb2 (webtiles) character file.

Game seed: 2342628249648730811

12053 StikS32 the Blocker (level 11, -16/93 HPs)
             Began as a Minotaur Fighter on Jan 31, 2024.
             Was an Elder of the Shining One.
             Killed from afar by Lodul (17 damage)
             ... with a bolt of lightning
             ... while paralysed by Lodul
             ... on level 11 of the Dungeon.
             The game lasted 00:22:53 (8595 turns).

StikS32 the Blocker (Minotaur Fighter)              Turns: 8595, Time: 00:22:53

Health: -16/93     AC: 15    Str: 25    XL:     11   Next: 57%
Magic:  15/15      EV:  2    Int:  5    God:    the Shining One [****..]
Gold:   90         SH:  0    Dex: 10    Spells: 10/10 levels left

rFire   + . .        t - +2 mace (venom)
rCold   . . .        o - +0 tower shield
rNeg    + + .        u - +0 chain mail {rPois}
rPois   +            a - +2 hat {Stlth+}
rElec   .            (no cloak)
rCorr   .            (no gloves)
SInv    .            r - +1 pair of boots {Fly}
Will    .....        (no amulet) Stlth
                     e - ring of protection from fire
HPRegen 0.35/turn    b - +5 ring of evasion
MPRegen 0.14/turn

%: no passive effects
@: paralysed, flying, glowing
A: horns 2, retaliatory headbutt
a: Renounce Religion, Divine Shield, Cleansing Flame


You were on level 11 of the Dungeon.
You worshipped the Shining One.
The Shining One was greatly pleased with you.
You visited 1 branch of the dungeon, and saw 11 of its levels.
You visited the Abyss 1 time.

You collected 521 gold pieces.
You spent 431 gold pieces at shops.

Inventory:

Hand Weapons
 t - a +2 mace of venom (weapon)
 B - a +0 dire flail of venom
Missiles
 p - 4 javelins (quivered)
 J - 4 throwing nets
Armour
 a - a +2 hat of stealth (worn)
 o - a +0 tower shield (worn)
 r - a +1 pair of boots of flying (worn)
 u - a +0 chain mail of poison resistance (worn)
 S - the +1 pair of boots of True Grit {rCorr Int+2}
   (You found it on level 11 of the Dungeon)

   Int+2:     It affects your intelligence (+2).
   rCorr:     It protects you from acid and corrosion.
Jewellery
 b - a +5 ring of evasion (right hand)
 e - a ring of protection from fire (left hand)
 f - a ring of fire
 h - a ring of poison resistance
 H - a ring of magical power
 P - a ring of resist corrosion
Wands
 K - a wand of flame (26)
 L - a wand of paralysis (10)
 N - a wand of digging (8)
 Q - a wand of light (4)
Scrolls
 l - 3 scrolls of teleportation
 m - 2 scrolls of amnesia
 q - a scroll of revelation {unknown}
 v - 2 scrolls of enchant weapon
 w - a scroll of blinking {unknown}
 x - a scroll of fear {unknown}
 y - 3 scrolls of immolation
 A - a scroll of fog {unknown}
 C - 5 scrolls of poison
 D - a scroll of torment {unknown}
 G - 2 scrolls of noise
 I - 2 scrolls of brand weapon
 M - a scroll of acquirement {unknown}
 O - a scroll of summoning {unknown}
 R - a scroll of enchant armour
Potions
 c - a potion of degeneration {unknown}
 d - 5 potions of might
 g - 5 potions of curing
 i - a potion of cancellation {unknown}
 j - 2 potions of heal wounds {unknown}
 k - 2 potions of mutation
 n - a potion of ambrosia {unknown}
 s - a potion of haste {unknown}
 z - 3 potions of enlightenment
 E - 2 potions of magic
 F - 2 potions of lignification {unknown}


   Skills:
 + Level 7.6 Fighting
 + Level 11.5 Maces & Flails
 + Level 9.1 Armour
 + Level 4.1 Dodging
 + Level 12.6 Shields
 * Level 7.7 Invocations


You had 10 spell levels left.
You didn't know any spells.
Your spell library contained the following spells:

 Spells                   Type           Power      Damage    Failure   Level
 Blink                    Tloc           0%         N/A       100%        2
 Lesser Beckoning         Tloc           0%         N/A       100%        2
 Momentum Strike          Conj/Tloc      0%         3d8       100%        2
 Gell's Gravitas          Tloc           0%         N/A       100%        3
 Stone Arrow              Conj/Erth      0%         3d7       100%        3
 Teleport Other           Tloc           0%         N/A       100%        3
 Tukima's Dance           Hex            0%         N/A       100%        3
 Animate Armour           Summ/Erth      0%         N/A       100%        4
 Dimensional Bullseye     Hex/Tloc       0%         N/A       100%        4
 Iskenderun's Mystic Bla  Conj/Tloc      0%         2d3       100%        4
 Summon Lightning Spire   Summ/Air       0%         N/A       100%        4
 Lee's Rapid Deconstruct  Erth           0%         3d4*      100%        5
 Lehudib's Crystal Spear  Conj/Erth      0%         10d2      100%        8


Dungeon Overview and Level Annotations

Branches:
Dungeon (11/15)            Temple (0/1) D:5            Lair (0/5) D:10
    Orc: D:9-12

Altars:
Cheibriados
Dithmenos
Fedhas
Kikubaaqudgha
Makhleb
Nemelex Xobeh
Okawaru
Qazlal
Sif Muna
Uskayaw
Vehumet
Wu Jian
Xom
Yredelemnul
The Shining One

Shops:
D:6 *   D:11 ?!*

Annotations:
D:9 Maurice
D:11 Lodul


Innate Abilities, Weirdness & Mutations

You have a pair of horns on your head.
You reflexively headbutt those who attack you in melee.


Message History

Found a stone staircase leading down.
Found 24 gold pieces.
You see here the +1 pair of boots of True Grit {rCorr Int+2}.
S - the +1 pair of boots of True Grit {rCorr Int+2} You now have 90 gold pieces (gained 24).
A green ugly thing comes into view.
Found a stone staircase leading up.
The green ugly thing gurgles horribly!
You hear a shout! x2
The green ugly thing moves out of view.
An ogre comes into view. It is wielding a +0 giant club.
The ogre shouts!
You hear a shout! 3 ogres come into view.
The ogre shouts! x3; You hear a shout!
Lodul the Thunderous comes into view.
He is wielding a +0 dire flail and carrying a wand of paralysis. 2 ogres come into view.
The ogre shouts!
The green ugly thing punches you but does no damage.
Electricity crackles from Lodul's apparatus.
The bolt of lightning hits you!!
Unknown command.
Unknown command.
The green ugly thing punches you but does no damage.
The ogre falls through a shaft!
The shaft crumbles and collapses.
The green ugly thing attacks as it pursues you!
You block the green ugly thing's attack.
You block the green ugly thing's attack.
There is a stone staircase leading down here.
Lodul zaps a wand.
You suddenly lose the ability to move!
The green ugly thing punches you but does no damage.
Electricity crackles from Lodul's apparatus.
The bolt of lightning hits you!! The ogre hits you with a +0 giant club!
* * * LOW HITPOINT WARNING * * *
The green ugly thing punches you but does no damage.
The green ugly thing punches you!
* * * LOW HITPOINT WARNING * * *
The ogre hits you with a +0 giant club!
* * * LOW HITPOINT WARNING * * *
Electricity crackles from Lodul's apparatus.
The bolt of lightning hits you!
You die...

..#......#. ..............#...
................................
........ ...................<...
....... ......................
.....................
...................#.
.......>..............
......................
.......@O.............
.......Ou......#.#....
........O....#........
.........OO...........
.............#........
.........O..........#.
.....................#
....................##
.............<#.....


You could see Lodul, a green ugly thing and 5 ogres.

Vanquished Creatures
  Erolcha (D:11)
  A two-headed ogre (D:8)
  A cyclops (D:11)
  Joseph (D:7)
  A komodo dragon (D:10)
  2 trolls (D:10)
  A hornet (D:10)
  A ynoxinul (D:11)
  A wraith (D:11)
  17 yaks
  Grum (D:11)
  A steam dragon (D:6)
  5 vampire mosquitoes
  5 water moccasins
  2 orc warriors
  3 black bears
  5 ice beasts
  4 wolves (D:11)
  5 ogres
  3 centaurs
  2 phantoms
  A weeping skull (D:8)
  5 bullfrogs
  5 kobold brigands
  4 gnoll sergeants
  8 scorpions
  5 wights (D:6)
  3 killer bees (D:9)
  A howler monkey (D:10)
  3 crimson imps
  A bombardier beetle (D:4)
  3 jellies
  An iron imp (D:11)
  4 hounds
  3 orc priests
  A sleepcap (D:4)
  Natasha (D:2)
  6 iguanas
  8 orc wizards
  17 gnolls
  11 adders
  3 shadow imps
  2 white imps
  4 ufetubi
  2 ribbon worms
  4 dart slugs
  26 orcs
  4 ball pythons
  2 bat zombies (D:3)
  6 endoplasms
  2 giant cockroaches
  7 goblins
  5 hobgoblins
  5 jackals
  32 kobolds
  4 quokkas
  7 bats
  7 frilled lizards
  A frilled lizard zombie (D:3)
  3 rats
  A spectral orc (D:8)
281 creatures vanquished.

Vanquished Creatures (others)
  A gnoll (D:11)
1 creature vanquished.

Grand Total: 282 creatures vanquished

Notes
Turn   | Place    | Note
-------+----------+-------------------------------------------
     0 | D:1      | StikS32 the Minotaur Fighter began the quest for the Orb.
     0 | D:1      | Reached XP level 1. HP: 19/19 MP: 0/0
   252 | D:1      | Reached XP level 2. HP: 27/27 MP: 1/1
   285 | D:1      | Reached skill level 4 in Shields
   812 | D:2      | Reached XP level 3. HP: 29/33 MP: 2/2
   845 | D:2      | Identified the +0 short sword of Doubt {venom, +Blink Fly
                  | rElec Int+2 Stlth-}
  1204 | D:2      | Found a blossoming altar of Fedhas.
  1251 | D:2      | Noticed Natasha
  1255 | D:2      | Killed Natasha
  1256 | D:2      | Reached XP level 4. HP: 34/40 MP: 3/3
  1337 | D:2      | Reached skill level 1 in Dodging
  1624 | D:3      | Found a glowing golden altar of the Shining One.
  1627 | D:3      | Became a worshipper of the Shining One
  1707 | D:3      | Found a shadowy altar of Dithmenos.
  1708 | D:3      | Noticed an ice beast
  1719 | D:3      | Killed an ice beast
  1720 | D:3      | Reached skill level 5 in Shields
  1720 | D:3      | Reached XP level 5. HP: 31/47 MP: 4/4
  1890 | D:3      | Found a shimmering blue altar of Sif Muna.
  2147 | D:3      | Found an ancient bone altar of Kikubaaqudgha.
  2181 | D:4      | Reached XP level 6. HP: 53/53 MP: 5/5
  2244 | D:4      | Reached skill level 5 in Maces & Flails
  2244 | D:4      | Reached skill level 1 in Invocations
  2348 | D:4      | Found a hide-covered altar of Uskayaw.
  2348 | D:4      | Noticed a +0 hand axe
  2348 | D:4      | Noticed a +0 dagger
  2629 | D:4      | Reached skill level 5 in Armour
  2629 | D:4      | Reached XP level 7. HP: 48/60 MP: 7/7
  2746 | D:4      | You are sucked into a shaft and drop 2 floors!
  2767 | D:6      | Noticed a steam dragon
  2779 | D:6      | Killed a steam dragon
  2780 | D:6      | Reached skill level 5 in Fighting
  2780 | D:6      | Reached skill level 6 in Shields
  2820 | D:6      | Reached * piety under the Shining One
  2866 | D:6      | Reached XP level 8. HP: 59/68 MP: 7/9
  2927 | D:6      | Reached skill level 7 in Shields
  2966 | D:6      | Found a snail-covered altar of Cheibriados.
  3535 | D:6      | Found a sparkling altar of Nemelex Xobeh.
  3644 | D:5      | Entered Level 5 of the Dungeon
  3829 | D:5      | Reached ** piety under the Shining One
  4068 | D:5      | Found a staircase to the Ecumenical Temple.
  4415 | D:5      | Reached skill level 8 in Shields
  4415 | D:5      | Reached XP level 9. HP: 75/75 MP: 11/11
  4845 | D:5      | Found a burning altar of Makhleb.
  5010 | D:6      | Found Fuwanar's Assorted Antiques.
  5013 | D:6      | Bought a scroll labelled ZASUIZ LEHEU for 25 gold pieces
  5013 | D:6      | Bought a scroll labelled HAXTOE FECSUMAGE for 25 gold
                  | pieces
  5013 | D:6      | Bought a scroll labelled ZASUIZ LEHEU for 25 gold pieces
  5013 | D:6      | Bought a sedimented dark potion for 22 gold pieces
  5110 | D:6      | Found a shimmering altar of Xom.
  5118 | D:6      | Reached *** piety under the Shining One
  5378 | D:7      | Reached skill level 9 in Shields
  5544 | D:7      | Reached skill level 5 in Invocations
  5615 | D:7      | Found an iron altar of Okawaru.
  5650 | D:7      | Noticed Joseph
  5660 | D:7      | Killed Joseph
  6230 | D:8      | Reached XP level 10. HP: 81/84 MP: 11/13
  6394 | D:8      | Noticed a two-headed ogre
  6398 | D:8      | Killed a two-headed ogre
  6399 | D:8      | Reached skill level 10 in Shields
  6451 | D:8      | Found a basalt altar of Yredelemnul.
  6505 | D:8      | Found a radiant altar of Vehumet.
  6959 | D:8      | Reached skill level 10 in Maces & Flails
  7182 | D:9      | Found an ornate altar of the Wu Jian Council.
  7272 | D:9      | Found a stormy altar of Qazlal.
  7300 | D:9      | Noticed Maurice
  7321 | D:10     | Entered Level 10 of the Dungeon
  7346 | D:10     | Reached **** piety under the Shining One
  7537 | D:10     | Reached skill level 11 in Shields
  7548 | D:10     | Found a staircase to the Lair.
  7716 | D:10     | Reached XP level 11. HP: 92/92 MP: 15/15
  8125 | D:11     | Found Eqyng's Distillery.
  8127 | D:11     | Noticed Grum
  8140 | D:11     | Reached skill level 12 in Shields
  8143 | D:11     | Noticed Erolcha
  8168 | Abyss:2  | Cast into level 2 of the Abyss (Erolcha)
  8215 | Abyss:2  | Found a corrupted altar of Lugonu.
  8228 | D:11     | Escaped the Abyss
  8230 | D:11     | Killed Erolcha
  8323 | D:11     | Found Umnaopot's Magic Scroll Shop.
  8326 | D:11     | Bought a scroll of teleportation for 39 gold pieces
  8326 | D:11     | Bought a scroll of enchant armour for 97 gold pieces
  8326 | D:11     | Bought a scroll of identify for 26 gold pieces
  8326 | D:11     | Bought a scroll of identify for 26 gold pieces
  8326 | D:11     | Bought a scroll of identify for 26 gold pieces
  8409 | D:11     | Bought a potion of mutation for 120 gold pieces
  8423 | D:11     | Killed Grum
  8515 | D:11     | Found Furuig's General Store.
  8573 | D:11     | Identified the +1 pair of boots of True Grit {rCorr Int+2}
  8581 | D:11     | Noticed a green ugly thing
  8583 | D:11     | Noticed Lodul
  8592 | D:11     | Paralysed by Lodul for 5 turns
  8594 | D:11     | HP: 1/93 [ogre/+0 giant club[Lodul] (14)]
  8595 | D:11     | Killed from afar by Lodul

Illustrated notes

Levels and vault maps discovered:
D:1:      minmay_arrival_jagged, layout_loops_ring, skrybe_limestone_x
D:2:      layout_basic, basic_altar, uniq_natasha
D:3:      layout_rooms, tso_oasis_becter, mainiacjoe_overflow_chevrons,
          mainiacjoe_overflow_surrounded_room,
          lemuel_zombie_altar_kikubaaqudgha, minmay_quantized
D:4:      layout_loops_ring, dancing_weapons_uskayaw
D:5:      minmay_octagon_keep, layout_loops_corners, makhleb_grotto_becter,
          minmay_temple_entry_statues_fountains
D:6:      old_forge, layout_basic, nemelex_dance_club_becter,
          old_standard_altar, led_xom_imps, serial_curves, eino_curves_01,
          eino_curves_01, eino_curves_03, serial_shops,
          nicolae_shop_window_shopping
D:7:      layout_gridville, kennysheep_mini, uniq_joseph
D:8:      layout_basic, yredelemnul_forgotten_temple_becter, vehumet_crystals
D:9:      layout_roguey, nicolae_qazlal_eye_of_the_storm,
          pdpol_wu_jian_five_deadly_venoms,
          grunt_temple_overflow_gold_and_silver, orc_0_dummy, uniq_maurice
D:10:     layout_rooms, due_lair_maze_entry_diamond
D:11:     layout_cross, enter_trove_1, serial_shops,
          nicolae_shop_real_fake_doors, shop, nicolae_shop_back_alley_shop,
          shop, shop, uniq_grum, uniq_erolcha, uniq_lodul

Skill      XL: |  1  2  3  4  5  6  7  8  9 10 11 |
---------------+----------------------------------+-----
Fighting       | 4 5 6 7 |  7.6
Shields        | 4 5 6 8 9 11 12 | 12.6
Armour         | 4 5 6 7 8 9 |  9.1
Maces & Flails | 3 4 5 6 8 9 10 11 | 11.5
Dodging        | 1 2 3 4 |  4.1
Invocations    | 1 2 4 5 6 7 |  7.7

Action                     |  1- 3 |  4- 6 |  7- 9 | 10-12 || total
---------------------------+-------+-------+-------+-------++-------
  Melee: Flail             |    77 |    17 |       |       ||    94
         Headbutt          |     8 |    16 |    67 |    81 ||   172
         Mace              |       |    96 |   281 |   268 ||   645
    Use: Scroll            |       |       |     7 |     3 ||    10
 Armour: Scale mail        |    58 |    18 |       |       ||    76
         Chain mail        |       |    42 |   150 |   138 ||   330
  Dodge: Dodged            |    22 |    30 |   138 |   102 ||   292
  Block: Kite shield       |    35 |       |       |       ||    35
         Tower shield      |       |    90 |   284 |   259 ||   633

Table legend: (Time is in decaauts)
 A = Elapsed time spent in this place.
 B = Non-inter-level travel time spent in this place.
 C = Inter-level travel time spent in this place.
 D = Time resting spent in this place.
 E = Time spent auto-exploring this place.
 F = Levels seen in this place.
 G = Mean time per level.
                   A        B        C        D        E       F      G
               +--------+--------+--------+--------+--------+-----+--------+
         Total |   8754 |   8457 |    297 |    182 |   6344 |  12 |  729.5 |
       Dungeon |   8694 |   8397 |    297 |    182 |   6344 |  11 |  790.4 |
         Abyss |     59 |     59 |      0 |      0 |      0 |   1 |   59.0 |
               +--------+--------+--------+--------+--------+-----+--------+

Top non-repeatable levels by time:
     D:6: 1283 daAuts
     D:5: 1117 daAuts
     D:8: 975 daAuts
     D:7: 858 daAuts
     D:1: 800 daAuts
     D:2: 792 daAuts
     D:4: 747 daAuts
    D:10: 708 daAuts
     D:3: 656 daAuts
    D:11: 514 daAuts
     D:9: 241 daAuts
 Abyss:2: 59 daAuts
